 Dungeon Crawl Stone Soup version 0.20-a0-1039-gf554463 (webtiles) character file.

1924 Fitzfrenzied the Cleaver (level 8, -9/73 HPs)
             Began as a Minotaur Berserker on Apr 22, 2017.
             Was an Elder of Trog.
             Killed from afar by a gargoyle (23 damage)
             ... with a stone arrow
             ... on level 7 of the Dungeon.
             The game lasted 00:26:38 (5549 turns).

Fitzfrenzied the Cleaver (Minotaur Berserker)       Turns: 5549, Time: 00:26:39

Health: -9/73      AC: 10    Str: 21    XL:     8   Next: 96%
Magic:  7/7        EV: 18    Int:  4    God:    Trog [****..]
Gold:   306        SH:  0    Dex: 13    Spells: 7/7 levels left

rFire    . . .     SeeInvis .   B - +1 hand axe (freeze)
rCold    . . .     Gourm    .   (no shield)
rNeg     . . .     Faith    .   x - +3 ring mail
rPois    .         Spirit   .   (helmet restricted)
rElec    .         Reflect  .   n - +0 cloak
rCorr    .         Harm     .   (no gloves)
MR       .....                  (no boots)
Stlth    +.........             (no amulet)
Regen    0.3/turn               g - +4 ring of evasion
MPRegen  0.1/turn               (no ring)

@: hasted, very quick
A: retaliatory headbutt, horns 2
a: Berserk, Trog's Hand, Brothers in Arms, Burn Spellbooks, Renounce Religion


You were on level 7 of the Dungeon.
You worshipped Trog.
Trog was greatly pleased with you.
You were not hungry.

You visited 1 branch of the dungeon, and saw 7 of its levels.
You also visited: Ossuary.

You collected 306 gold pieces.

Inventory:

Hand Weapons
 B - a +1 hand axe of freezing (weapon)
Armour
 n - a +0 cloak (worn)
 x - a +3 ring mail (worn)
Jewellery
 g - a +4 ring of evasion (left hand)
Wands
 y - a wand of enslavement (4/24)
Scrolls
 h - 2 scrolls of enchant weapon {unknown}
 j - 2 scrolls of amnesia {unknown}
 l - 4 scrolls of fear {unknown}
 m - 2 scrolls of magic mapping {unknown}
 o - 2 scrolls of blinking {unknown}
 p - 4 scrolls of remove curse
 q - 2 scrolls of random uselessness {unknown}
 t - 5 scrolls of enchant armour {unknown}
 v - 3 scrolls of noise {unknown}
 w - 3 scrolls of fog {unknown}
 D - a scroll of teleportation {unknown}
Potions
 d - 5 potions of curing
 e - 2 potions of haste
 i - a potion of ambrosia
 k - a potion of flight
 u - a potion of brilliance
 z - 2 potions of agility
 A - a potion of lignification {unknown}
 C - a potion of resistance {unknown}
 E - 2 potions of magic {unknown}
Books
 F - a book of Changes

   Spells                             Type                      Level
   a - Beastly Appendage              Transmutation                1
   b - Sticks to Snakes               Transmutation                2
   c - Spider Form                    Transmutation/Poison         3
   d - Ice Form                       Ice/Transmutation            4
   e - Blade Hands                    Transmutation                5
   Trog disapproves of the use of such an item.
Comestibles
 a - 3 chunks of flesh
 c - 3 bread rations
 f - 4 royal jellies
 r - 2 fruits
 s - 2 meat rations


   Skills:
 + Level 7.2 Fighting
 * Level 9.6 Axes
 + Level 6.2 Armour
 + Level 6.2 Dodging
 - Level 0.5 Stealth


You had 7 spell levels left.
You didn't know any spells.

Dungeon Overview and Level Annotations

Branches:
Dungeon (7/15)             Temple (0/1) D:5

Altars:
Ashenzari
Dithmenos
Elyvilon
Fedhas
Gozag
Kikubaaqudgha
Nemelex Xobeh
Ru
Trog

Annotations:
D:7 1 runed door


Innate Abilities, Weirdness & Mutations

You reflexively headbutt those who attack you in melee.
You have a pair of horns on your head.


Message History

A gargoyle comes into view. It is wielding a flail.
The gargoyle hurls a stone arrow at you.
The stone arrow hits you!
The gargoyle hits you with a morningstar!
Found an orange potion.
The gargoyle barely misses you. You furiously retaliate!
You headbutt the gargoyle.
Okay, then.
A gargoyle comes into view. It is wielding a flail.
Found 17 gold pieces.
Okay, then.
Okay, then.
You feel yourself speed up. The gargoyle hits you with a flail!
The gargoyle hurls a stone arrow at you.
The stone arrow hits you!
* * * LOW HITPOINT WARNING * * *
The gargoyle misses you.
The gargoyle hurls a stone arrow at you.
The stone arrow hits you!
You die...

...###.....#...........
....#.#....#.........#. ##
##..........#.....#... #
#!###?###.............##...
#8##'.'##8#..................
#'.....'###)................
#$#.......#8#.......##........
#'..................... .....
#....8...9..@......... .....
#+....9...9..#........ ....
#.......#8#.#....... ....
#+.....+###....##..# ....
##+.+## ....## ... .... ###
....# .##. ..... .... .......
#... .....# #...


You could see 3 gargoyles.

Vanquished Creatures
  Pikel (D:7)
  Joseph (D:7)
  A sky beast (D:6)
  2 slaves (D:7)
  An ogre (D:6)
  An ice beast (D:5)
  A phantom (D:4)
  A scorpion (D:6)
  A howler monkey (D:4)
  A crimson imp (D:5)
  A hound (D:7)
  A bullfrog skeleton (D:7)
  A centaur skeleton (D:7)
  2 orc priests
  5 orc wizards
  An iguana (D:4)
  5 worker ants
  A hound skeleton (D:5)
  3 mummies (Ossuary)
  A worker ant zombie (D:7)
  A gnoll (D:1)
  3 adders
  An ooze (D:7)
  3 adder zombies
  An adder skeleton (D:4)
  2 worms
  A dart slug (D:1)
  4 leopard geckos
  17 orcs
  9 bats
  4 giant cockroaches
  8 goblins
  4 hobgoblins
  2 jackals (D:4)
  7 kobolds
  A quokka (D:5)
  2 ball pythons
  6 frilled lizards
  5 goblin zombies (Ossuary)
  2 hobgoblin zombies (Ossuary)
  4 kobold zombies (Ossuary)
  A quokka skeleton (D:4)
  A quokka zombie (Ossuary)
  8 rats
  4 rat zombies (Ossuary)
133 creatures vanquished.

Vanquished Creatures (others)
  An orc (D:7)
  A frilled lizard (D:1)
  A rat (D:1)
3 creatures vanquished.

Grand Total: 136 creatures vanquished

Notes
Turn   | Place    | Note
-------+----------+-------------------------------------------
     0 | D:1      | Fitzfrenzied the Minotaur Berserker began the quest for the Orb.
     0 | D:1      | Reached XP level 1. HP: 19/19 MP: 0/0
    39 | D:1      | Reached XP level 2. HP: 27/27 MP: 1/1
   133 | D:1      | Reached skill level 4 in Axes
   837 | D:2      | Found a sparkling altar of Nemelex Xobeh.
   838 | D:2      | Reached XP level 3. HP: 33/33 MP: 2/2
  1298 | D:2      | Found an opulent altar of Gozag.
  1304 | D:2      | Reached ** piety under Trog
  1384 | D:2      | Found a shattered altar of Ashenzari.
  1395 | D:2      | Found a white marble altar of Elyvilon.
  1398 | D:2      | Found a blossoming altar of Fedhas.
  1399 | D:2      | Found an ancient bone altar of Kikubaaqudgha.
  1489 | D:2      | Found a shadowy altar of Dithmenos.
  1933 | D:2      | Reached skill level 5 in Axes
  1933 | D:2      | Reached XP level 4. HP: 40/41 MP: 3/3
  2129 | D:2      | Found a sacrificial altar of Ru.
  2400 | D:3      | Reached XP level 5. HP: 47/47 MP: 4/4
  2415 | D:3      | Found a bloodstained altar of Trog.
  2610 | D:4      | Reached skill level 5 in Fighting
  2921 | D:4      | Reached XP level 6. HP: 56/56 MP: 5/5
  3041 | D:4      | Reached *** piety under Trog
  3041 | D:4      | Reached skill level 6 in Axes
  3684 | D:5      | Entered Level 5 of the Dungeon
  3791 | D:5      | Noticed an ice beast
  3803 | D:5      | Killed an ice beast
  3803 | D:5      | Reached XP level 7. HP: 53/61 MP: 6/6
  3891 | D:5      | Reached skill level 7 in Axes
  4138 | D:5      | Found a staircase to the Ecumenical Temple.
  4341 | D:6      | Found a sand-covered staircase.
  4348 | Ossuary  | Entered an ossuary
  4468 | Ossuary  | Reached **** piety under Trog
  4728 | D:6      | Reached skill level 5 in Dodging
  4788 | D:6      | Reached skill level 8 in Axes
  4788 | D:6      | Reached skill level 5 in Armour
  4788 | D:6      | Reached XP level 8. HP: 63/70 MP: 7/7
  5190 | D:7      | Noticed Pikel
  5239 | D:7      | Killed Pikel
  5239 | D:7      | Reached skill level 9 in Axes
  5278 | D:7      | Noticed Joseph
  5291 | D:7      | Killed Joseph
  5377 | D:7      | Found a runed door.
  5538 | D:7      | Noticed a gargoyle
  5539 | D:7      | Noticed a gargoyle
  5542 | D:7      | Noticed a gargoyle
  5549 | D:7      | Killed from afar by a gargoyle

Vault maps used:
D:1:      roderic_chinese_lattice_arrival, lemuel_flame_loot_1
D:2:      cheibrodos_pilgrimage, nicolae_gozag_seed_capital,
          nemelex_xobeh_ov_fountains_minmay, nicolae_dithmenos_shadow_blocks,
          nicolae_ru_path_of_blood, minitemple, first_bread,
          kennysheep_cross_bottleneck
D:3:      trog_butcher_becter
D:5:      minmay_temple_entry_nine_rooms
D:6:      nicolae_ossuary_entry_plus
D:7:      cheibrodos_statue_roulette, minmay_misc_feat_x, uniq_joseph,
          uniq_crazy_yiuf_cottage, uniq_pikel
Ossuary:  ossuary_minmay_chase

Skill      XL: |  1  2  3  4  5  6  7  8 |
---------------+-------------------------+-----
Fighting       | 4 5 6 7 |  7.2
Axes           | 4 5 6 8 9 |  9.6
Dodging        | 3 4 5 6 |  6.2
Armour         | 3 4 5 6 |  6.2
Stealth        | |  0.5

Action                   |  1- 3 |  4- 6 |  7- 9 || total
-------------------------+-------+-------+-------++-------
Melee: Hand axe          |    74 |   108 |   142 ||   324
       Headbutt          |     8 |    18 |    35 ||    61
Invok: Berserk           |     2 |     2 |     3 ||     7
       Trog's Hand       |       |     1 |       ||     1
       Burn Spellbooks   |       |       |     1 ||     1
  Use: Scroll            |     2 |     3 |     4 ||     9
       Potion            |       |       |     1 ||     1
  Eat: Chunk             |     4 |     9 |     5 ||    18
       Meat ration       |       |       |     1 ||     1
Armor: Animal skin       |     7 |       |       ||     7
       Ring mail         |     7 |    19 |    24 ||    50
Dodge: Dodged            |    34 |    57 |    83 ||   174
